 Dungeon Crawl Stone Soup version 0.25-a0-578-gc91f01c39c (webtiles) character file.

Game seed: 6288725418407097230, levelgen mode: classic

30 hydraslayer the Ducker (level 3, 0/35 HPs)
             Began as a Gnoll Monk on Mar 4, 2020.
             Was a Believer of Ru.
             Slain by a worm (10 damage)
             ... on level 2 of the Dungeon.
             The game lasted 00:03:34 (1562 turns).

hydraslayer the Ducker (Gnoll Monk)                 Turns: 1562, Time: 00:03:35

Health: 0/35       AC:  2    Str: 14    XL:     3   Next: 18%
Magic:  3/3        EV: 16    Int: 12    God:    Ru [**....]
Gold:   48         SH:  0    Dex: 17    Spells: 3/3 levels left

rFire    x . .     SeeInvis .   g - +2 short sword (speed)
rCold    x . .     Gourm    .   (no shield)
rNeg     . . .     Faith    .   b - +0 robe
rPois    .         Spirit   .   (no helmet)
rElec    .         Reflect  .   (no cloak)
rCorr    .         Harm     .   (no gloves)
MR       .....                  (no boots)
Stlth    +++.......             (no amulet)
HPRegen  0.11/turn              (no ring)
MPRegen  0.08/turn              (no ring)

@: no status effects
A: distributed training, fangs 1, temperature sensitive, strong nose
a: Renounce Religion


You were on level 2 of the Dungeon.
You worshipped Ru.
Ru was pleased with you.
You were not hungry.

You visited 1 branch of the dungeon, and saw 2 of its levels.

You collected 48 gold pieces.


Innate Abilities, Weirdness & Mutations

Your experience applies equally to all skills.
You have very sharp teeth.
You are sensitive to extremes of temperature. (rF-, rC-)
Your uncanny sense of smell can sniff out nearby items.


   Skills:
 + Level 6.5 Fighting
 + Level 0.6 Short Blades
 + Level 0.6 Long Blades
 + Level 6.5 Axes
 + Level 0.6 Maces & Flails
 + Level 0.6 Polearms
 + Level 0.6 Staves
 + Level 0.6 Slings
 + Level 0.6 Bows
 + Level 0.6 Crossbows
 + Level 0.6 Throwing
 + Level 0.6 Armour
 + Level 6.5 Dodging
 + Level 4.1 Stealth
 + Level 0.6 Shields
 + Level 0.6 Unarmed Combat
 + Level 0.6 Spellcasting
 + Level 0.4 Conjurations
 + Level 0.4 Hexes
 + Level 0.4 Charms
 + Level 0.4 Summonings
 + Level 0.4 Necromancy
 + Level 0.4 Translocations
 + Level 0.4 Transmutations
 + Level 0.4 Fire Magic
 + Level 0.4 Ice Magic
 + Level 0.4 Air Magic
 + Level 0.4 Earth Magic
 + Level 0.4 Poison Magic
 + Level 0.8 Invocations
 + Level 0.6 Evocations


You had 3 spell levels left.
You didn't know any spells.
Your spell library was empty.

Inventory:

Hand Weapons
 a - a +0 hand axe
 g - a +2 short sword of speed (weapon)
   (You took it off a kobold on level 1 of the Dungeon)
Armour
 b - a +0 robe (worn)
Jewellery
 d - an uncursed ring of wizardry {unknown}
   (You found it on level 1 of the Dungeon)
Scrolls
 e - a scroll of remove curse {unknown}
 f - 6 scrolls of identify {unknown}
 h - a scroll of immolation {unknown}
Comestibles
 c - 3 rations {@e1}

Dungeon Overview and Level Annotations

Branches:
Dungeon (2/15)

Altars:
Ru

#........#
#........#
#.....÷..##
#.........##
#.......w..#
#....░░░░░.░
#....░ ░.░░░░
###w#░ ░░░....░
#g#░ ░......░
#..░░░......░░##
#.......⚑......#
#.#░░......░░░.# #
#.# ░......░ ░.###
#.# ░....░░░ ░...)
#.# ░░░░.░ ░####
#.# ░w░░░░░.w..
#.######.......#.#


You could see a worm.


Message History

a +0 short sword; a stone
Found a hunting sling.
Some of the chunks of flesh in your inventory have rotted away.
Found a dagger.
No target in view!
f - a scroll labeled VUKLEO COSTOL Some of the chunks of flesh in your inventory have rotted away.
f - 2 scrolls labeled VUKLEO COSTOL (gained 1)
An ooze comes into view.
Found 11 gold pieces.
A kobold comes into view.
It is wielding a +2 short sword of speed.
You see here a ration {@e1}.
An ooze is nearby!
An ooze is nearby!
The helpless ooze fails to defend itself.
You slash the ooze!
You kill the ooze!
No target in view!
No target in view!
No target in view!
No target in view!
c - 2 rations {@e1} (gained 1)
The kobold is too close now for your liking.
A kobold is nearby!
The helpless kobold fails to defend itself.
You hit the kobold. Your bite misses the kobold.
The kobold is moderately wounded.
The kobold misses you.
You closely miss the kobold.
The kobold is moderately wounded.
The kobold completely misses you.
You hit the kobold but do no damage.
The kobold is moderately wounded.
The kobold misses you.
The kobold hits you with a +2 short sword of speed.
You closely miss the kobold.
The kobold is moderately wounded.
The kobold closely misses you.
You closely miss the kobold.
The kobold is moderately wounded.
The kobold closely misses you.
Save game and exit?
Welcome back, hydraslayer the Gnoll Monk.
Press ? for a list of commands and other information.
You hit the kobold but do no damage.
The kobold is moderately wounded.
The kobold hits you but does no damage.
You hit the kobold.
The kobold is heavily wounded.
The kobold misses you.
You closely miss the kobold.
The kobold is heavily wounded.
The kobold misses you.
You hit the kobold.
You kill the kobold!
You see here a +2 short sword of speed.
You see here a +2 short sword of speed.
g - a +2 short sword of speed All of the chunks of flesh in your inventory have rotted away.
HP restored.
You now have 28 gold pieces (gained 11).
A jackal comes into view.
The jackal barks!
A jackal comes into view.
Found a notched agate ring.
You hit the jackal but do no damage. You bite the jackal, but do no damage.
The jackal misses you. x2
You barely miss the jackal.
The jackal barks!
Your bite misses the jackal. The jackal closely misses you.
You miss the jackal. The jackal bites you. x2
You closely miss the jackal. The jackal misses you.
You hit the jackal but do no damage. The jackal misses you.
You barely miss the jackal. The jackal barely misses you.
The jackal misses you.
You hit the jackal.
The jackal is moderately wounded.
The jackal closely misses you.
You hit the jackal.
You kill the jackal!
You closely miss the jackal. The jackal bites you. The jackal misses you.
You hit the jackal.
The jackal is almost dead.
The jackal bites you.
You closely miss the jackal.
The jackal is almost dead.
The jackal barely misses you.
You barely miss the jackal.
The jackal is almost dead.
The jackal misses you. The jackal closely misses you.
You hit the jackal.
You kill the jackal!
No target in view!
No target in view!
Your hands tingle!
g - a +2 short sword of speed (weapon)
You start resting.
HP restored.
d - a notched agate ring
Found an escape hatch in the floor.
Found a stone staircase leading down.
Found a short sword.
c - 3 rations {@e1} (gained 1)
f - 3 scrolls labeled VUKLEO COSTOL (gained 1)
A bat comes into view.
A bat is nearby!
A bat is nearby!
The helpless bat fails to defend itself.
You puncture the bat!
You kill the bat!
No target in view!
You butcher the bat corpse.
h - a chunk of flesh You see here a bat skeleton. x2
You see here a dagger.
Done exploring.
No target in view!
Done exploring.
No target in view!
No target in view!
Done exploring.
Done exploring.
There is a stone staircase leading down here.
You climb downwards.
There is a stone staircase leading up here.
A leopard gecko comes into view.
A leopard gecko is nearby!
A leopard gecko is nearby!
The helpless leopard gecko fails to defend itself.
You puncture the leopard gecko!
You kill the leopard gecko!
No target in view!
No target in view!
You butcher the leopard gecko corpse.
h - 3 chunks of flesh (gained 2)
You see here a leopard gecko skeleton. x2
Found a robe.
You see here a robe.
A giant cockroach comes into view.
Found 2 scrolls labeled VUKLEO COSTOL.
A giant cockroach is nearby!
The giant cockroach closely misses you.
You puncture the giant cockroach!
You kill the giant cockroach!
You have reached level 3!
Your experience leads to an increase in your attributes!
Increase (S)trength, (I)ntelligence, or (D)exterity?
You feel stronger.
f - 5 scrolls labeled VUKLEO COSTOL (gained 2)
You now have 39 gold pieces (gained 11).
Some of the chunks of flesh in your inventory have rotted away.
Eating one of 2 chunks of flesh.
You eat one of the 2 chunks of flesh.
This raw flesh tastes terrible.
Found an escape hatch in the floor.
No target in view!
A hobgoblin comes into view.
A hobgoblin is nearby!
The hobgoblin shouts!
A hobgoblin is nearby!
You hit the hobgoblin. Your bite misses the hobgoblin.
The hobgoblin is almost dead.
The hobgoblin misses you.
You barely miss the hobgoblin.
The hobgoblin is almost dead.
The hobgoblin hits you.
You hit the hobgoblin.
You kill the hobgoblin!
HP restored.
You butcher the hobgoblin corpse.
h - 5 chunks of flesh (gained 4)
You see here a hobgoblin skeleton. x2
There is an escape hatch in the floor here.
Found 25 stones.
No target in view!
No target in view!
You see here a robe.
Some of the chunks of flesh in your inventory have rotted away.
You see here a robe.
A kobold comes into view.
The kobold shouts!
A kobold is nearby!
The kobold barely misses you.
You hit the kobold. You bite the kobold, but do no damage.
The kobold is severely wounded.
The kobold barely misses you.
You hit the kobold.
You kill the kobold!
Found a stone staircase leading up.
No target in view!
There is a stone staircase leading up here.
Found a leather armour.
Found a stone staircase leading down.
No target in view!
Found a rapier.
No target in view!
No target in view!
No target in view!
f - 6 scrolls labeled VUKLEO COSTOL (gained 1) All of the chunks of flesh in your inventory have rotted away.
Found a shiny ring mail.
You now have 48 gold pieces (gained 9).
You see here a shiny ring mail.
Found a sacrificial altar of Ru.
No target in view!
No target in view!
You are feeling hungry.
No target in view!
No target in view!
No target in view!
A bat comes into view.
You hit the bat.
The bat is severely wounded.
The bat hits you but does no damage.
A bat is nearby!
A bat is nearby!
The bat misses you. The bat hits you.
You hit the bat.
You kill the bat!
No target in view!
No target in view!
You butcher the bat corpse.
h - a chunk of flesh You see here a bat skeleton. x2
Eating a chunk of flesh.
You eat the chunk of flesh.
This raw flesh tastes terrible.
A kobold comes into view. It is wielding a +0 dagger.
A kobold is nearby!
The kobold shouts!
The kobold completely misses you.
You hit the kobold.
You kill the kobold!
No target in view!
No target in view!
Things that are here:
a +0 dagger; a kobold corpse
h - a scroll labeled IZXAKK GEMIY
Found a ring mail.
No target in view!
No target in view!
A worm comes into view.
Found a stone staircase leading down.
A bat and a giant cockroach come into view.
Found an escape hatch in the ceiling.
There are monsters nearby!
You hit the worm.
The worm is lightly wounded.
You hit the worm.
The worm is lightly wounded.
The worm bites you.
There are monsters nearby!
You hit the worm.
The worm is moderately wounded.
There are monsters nearby!
You hit the worm.
The worm is moderately wounded.
The giant cockroach bites you. The worm bites you!
* * * LOW HITPOINT WARNING * * *
There are monsters nearby!
You are too injured to fight recklessly!
You hit the giant cockroach but do no damage.
The giant cockroach bites you but does no damage.
You hit the giant cockroach.
The giant cockroach is severely wounded.
The giant cockroach closely misses you.
You hit the giant cockroach.
You kill the giant cockroach!
You puncture the worm!
The worm is heavily wounded.
You hit the worm. You bite the worm, but do no damage.
The worm is heavily wounded.
The worm bites you!
* * * LOW HITPOINT WARNING * * *
The worm bites you.
* * * LOW HITPOINT WARNING * * *
There is a sacrificial altar of Ru here.
You kneel at the altar of Ru.
Ru welcomes you!
Ru believes you are ready to make a new sacrifice.
Ru asks you to sacrifice your resistance to extreme temperatures.
This is an incredible sacrifice.
Piety after sacrifice: **....
Do you really want to make this sacrifice?
You feel sensitive to extremes of temperature.
You now exude an aura of power that intimidates your foes.
Your aura of power can now strike those that harm you.
Okay, then.
You start resting.
The worm is too close now for your liking.
A worm is nearby!
You start resting.
The worm is too close now for your liking.
Okay, then.
Unknown command.
You hit the worm.
The worm is lightly wounded.
You hit the worm but do no damage.
The worm is lightly wounded.
You hit the worm.
The worm is moderately wounded.
The worm bites you!
You die...

Action                   || total
-------------------------++-------
Melee: Hand axe          ||    51
       Bite              ||     5
       Short sword       ||    23
Invok: Sacrifice Resista ||     1
 Stab: Sleeping          ||     5
  Eat: Chunk             ||     2
Armor: Robe              ||     5
Dodge: Dodged            ||    46

Levels and vault maps discovered:
D:1:      dpeg_arrival_pits, layout_loops_ring
D:2:      layout_basic, nicolae_overflow_crystal_walls

Notes
Turn   | Place    | Note
-------+----------+-------------------------------------------
     0 | D:1      | hydraslayer the Gnoll Monk began the quest for the Orb.
     0 | D:1      | Reached XP level 1. HP: 23/23 MP: 1/1
   229 | D:1      | Reached XP level 2. HP: 25/29 MP: 2/2
   973 | D:2      | Reached XP level 3. HP: 35/35 MP: 3/3
  1383 | D:2      | Found a sacrificial altar of Ru.
  1524 | D:2      | Became a worshipper of Ru the Awakened
  1525 | D:2      | Gained mutation: You are sensitive to extremes of
                  | temperature. (rF-, rC-) [Ru sacrifice]
  1525 | D:2      | Reached * piety under Ru
  1525 | D:2      | Reached ** piety under Ru
  1562 | D:2      | Slain by a worm

Vanquished Creatures
  An ooze (D:1)
  A dart slug (D:1)
  A leopard gecko (D:2)
  3 giant cockroaches (D:1 D:2)
  A goblin (D:1)
  2 hobgoblins (D:1 D:2)
  2 jackals (D:1)
  2 bats (D:1 D:2)
  A frilled lizard (D:1)
  5 kobolds (D:1 D:2)
  2 rats (D:1)
21 creatures vanquished.

Table legend:
 A = Turns spent in this place as a percentage of turns spent in the entire game.
 B = Non-inter-level travel turns spent in this place as a percentage of non-inter-level travel turns spent in the entire game.
 C = Inter-level travel turns spent in this place as a percentage of turns spent in this place.
 D = Turns resting spent in this place as a percentage of non-inter-level travel turns spent in this place.
 E = Turns spent auto-exploring this place as a percentage of non-inter-level travel turns spent in this place.
 F = Non-inter-level travel turns spent in this place divided by the number of levels of this place that you've seen.
                   A       B       C       D       E      F
               +-------+-------+-------+-------+-------+----------------------
         Total | 100.0 | 100.0 |   1.7 |   8.7 |  75.1 | 768.0
       Dungeon | 100.0 | 100.0 |   1.7 |   8.7 |  75.1 | 768.0
               +-------+-------+-------+-------+-------+----------------------

Table legend:
 A = Kills in this place as a percentage of kills in entire the game.
 B = Kills by you in this place as a percentage of kills by you in the entire game.
 C = Kills by friends in this place as a percentage of kills by friends in the entire game.
 D = Other kills in this place as a percentage of other kills in the entire game.
 E = Experience gained in this place as a percentage of experience gained in the entire game.
 F = Experience gained in this place divided by the number of levels of this place that you have seen.
                   A       B       C       D       E      F
               +-------+-------+-------+-------+-------+----------------------
         Total | 100.0 | 100.0 |   N/A |   N/A | 100.0 |  21.5
       Dungeon | 100.0 | 100.0 |   N/A |   N/A | 100.0 |  21.5
               +-------+-------+-------+-------+-------+----------------------

Table legend:
 A = Non-vault XP
 B = Vault XP
 C = Vault XP percentage of total XP
 D = Non-vault monster count
 E = Vault monster count
 F = Vault count percentage of total count
                 A         B        C        D         E       F
            +---------+---------+-------+---------+---------+-------
      Total |      43 |       0 |   0.0 |      21 |       0 |   0.0
            +---------+---------+-------+---------+---------+-------
        D:1 |      29 |       0 |   0.0 |      14 |       0 |   0.0
        D:2 |      14 |       0 |   0.0 |       7 |       0 |   0.0
            +---------+---------+-------+---------+---------+-------
